 Dungeon Crawl Stone Soup version 0.20-a0-1127-g1289703 (webtiles) character file.

49 Duffy the Skirmisher (level 3, 1/20 HPs)
             Began as a Vine Stalker Monk on May 18, 2017.
             Quit the game on level 1 of the Dungeon.
             The game lasted 00:01:11 (1253 turns).

Duffy the Skirmisher (Vine Stalker Monk)            Turns: 1253, Time: 00:01:12

Health: 1/20       AC:  5    Str: 14    XL:     3   Next: 77%
Magic:  3/4        EV: 11    Int: 10    God:
Gold:   24         SH:  0    Dex: 16    Spells: 2/2 levels left

rFire    . . .     SeeInvis .   a - +0 hand axe
rCold    + . .     Gourm    .   (no shield)
rNeg     . . .     Faith    .   g - +0 ring mail
rPois    .         Spirit   +   (no helmet)
rElec    .         Reflect  .   (no cloak)
rCorr    .         Harm     .   (no gloves)
MR       .....     Clarity  +   (no boots)
Stlth    +.........             (no amulet)
Regen    0.1/turn               (no ring)
MPRegen  0.1/turn               (no ring)

@: lethally poisoned (1 -> -5)
A: fangs 2, hooves 1, clarity, cold resistance 1, sense surroundings 1, magic
shield, antimagic bite, no potion heal 3, rot immunity
a: no special abilities


You were on level 1 of the Dungeon.
You were not hungry.

You visited 1 branch of the dungeon, and saw 2 of its levels.

You collected 24 gold pieces.

Inventory:

Hand Weapons
 a - a +0 hand axe (weapon)
Armour
 g - a +0 ring mail (worn)
Scrolls
 d - a scroll of teleportation
Comestibles
 c - a bread ration


   Skills:
 + Level 3.6 Fighting
 + Level 3.3 Axes
 - Level 2.4 Dodging
 - Level 2.4 Stealth


You had 2 spell levels left.
You didn't know any spells.

Dungeon Overview and Level Annotations

Branches:
Dungeon (2/15)

Altars:


Innate Abilities, Weirdness & Mutations

You have extremely sharp teeth.
When hurt, damage is shared between your health and your magic reserves.
Your bite disrupts and absorbs the magic of your enemies.
Potions cannot restore your health.
You are immune to rotting.
You have large cloven feet.
You possess an exceptional clarity of mind.
Your flesh is cold resistant. (rC+)
You passively map a small area around you.


Message History

You bite the leopard gecko, but do no damage.
The leopard gecko is heavily wounded.
You hit the quokka.
You kill the quokka!
The leopard gecko closely misses you.
You barely miss the leopard gecko. Your kick misses the leopard gecko.
The leopard gecko is heavily wounded.
You feel sick.
The leopard gecko hisses menacingly.
The leopard gecko bites you.
The leopard gecko bites you but does no damage.
You closely miss the leopard gecko.
You kick the leopard gecko, but do no damage.
You bite the leopard gecko. You drain its power.
You feel invigorated.
The leopard gecko is heavily wounded.
The leopard gecko closely misses you.
You closely miss the leopard gecko. Your bite misses the leopard gecko.
The leopard gecko is heavily wounded.
You feel sick. The leopard gecko bites you.
Are you sure you want to abandon this character and quit the game? (Confirm with "yes".)

##### ########...% ###
#........###
########.########.########
######.......#.%@l..##.#
.......#.####.#####.##.#
.........# #..........#
.####..###########...### .#
#..#...............###
.####..#.#####...........########
.##.......####.#.(...............
.#.#...........##....#.#.########
..###.....................#...##


You could see a leopard gecko.

Vanquished Creatures
  An adder (D:1)
  2 dart slugs (D:1)
  2 leopard geckos (D:1)
  2 bats (D:1)
  3 giant cockroaches (D:1)
  4 goblins (D:1)
  8 hobgoblins (D:1)
  A kobold (D:1)
  2 quokkas (D:1)
  A ball python (D:1)
  A frilled lizard (D:1)
  3 rats (D:1)
30 creatures vanquished.

Notes
Turn   | Place    | Note
-------+----------+-------------------------------------------
     0 | D:1      | Duffy the Vine Stalker Monk began the quest for the Orb.
     0 | D:1      | Reached XP level 1. HP: 11/11 MP: 2/2
   197 | D:1      | Reached XP level 2. HP: 14/16 MP: 3/3
   503 | D:1      | Reached XP level 3. HP: 8/20 MP: 0/4
  1246 | D:1      | Gained mutation: You have large cloven feet. [potion of mutation]
  1246 | D:1      | Gained mutation: Your flesh is cold resistant. (rC+) [potion of mutation]
  1246 | D:1      | Gained mutation: You passively map a small area around you. [potion of mutation]
  1246 | D:1      | Gained mutation: You possess an exceptional clarity of mind. [potion of mutation]
  1252 | D:1      | HP: 1/20 [poisoned by an adder]
  1253 | D:1      | Quit the game

Vault maps used:
D:1:      matt_arrival_diagonals, minmay_misc_feat_plants
D:2:      first_bread, uniq_natasha, uniq_crazy_yiuf_cottage

Skill      XL: |  1  2 |
---------------+-------+-----
Fighting       | 3 |  3.6
Axes           | 3 |  3.3
Dodging        | |  2.4
Stealth        | |  2.4

Action                   || total
-------------------------++-------
Melee: Hand axe          ||    90
       Bite              ||    20
       Kick              ||     1
  Use: Scroll            ||     5
       Potion            ||     2
 Stab: Sleeping          ||     1
  Eat: Chunk             ||     1
Armor: Robe              ||     1
       Ring mail         ||    30
Dodge: Dodged            ||    68
